 Dungeon Crawl Stone Soup version 0.30-a0-1116-gebefce21f7 (webtiles) character file.

Game seed: 11019299449515137012

70 qeuew the Conjurer (level 4, 0/27 HPs)
             Began as a Gargoyle Reaver on Apr 21, 2023.
             Slain by Sigmund
             ... wielding a +1 vampiric scythe
              (9 damage)
             ... on level 2 of the Dungeon.
             The game lasted 00:01:47 (1032 turns).

qeuew the Conjurer (Gargoyle Reaver)                Turns: 1032, Time: 00:01:48

Health: 0/27       AC:  6    Str: 18    XL:     4   Next: 22%
Magic:  7/7        EV: 11    Int: 13    God:
Gold:   19         SH:  0    Dex:  8    Spells: 4/7 levels left

rFire   . . .      SeeInvis .    a - +0 mace
rCold   . . .      Faith    .    (no shield)
rNeg    + . .      Spirit   .    b - +0 leather armour
rPois   ∞          Reflect  .    (no helmet)
rElec   +          Rampage  .    (no cloak)
rCorr   .                        (no gloves)
Will    .....                    (no boots) Stlth
                                 (no amulet)
HPRegen 0.24/turn                (no ring)
MPRegen 0.10/turn                (no ring)

@: confused, mighty
A: sickness immunity, AC +3, negative energy resistance 1, electricity
resistance, torment resistance 1, petrification resistance
a: no special abilities


You were on level 2 of the Dungeon.
You visited 1 branch of the dungeon, and saw 2 of its levels.

You collected 19 gold pieces.

Inventory:

Hand Weapons
 a - a +0 mace (weapon)
Armour
 b - a +0 leather armour (worn)
Jewellery
 c - an amulet of magic regeneration
Potions
 d - a potion of might


   Skills:
 + Level 2.5 Fighting
 * Level 3.4 Maces & Flails
 * Level 1.6 Armour
 + Level 1.9 Dodging
 + Level 2.2 Spellcasting
 * Level 4.0 Conjurations


You had 4 spell levels left.
You knew the following spells:

 Your Spells              Type           Power      Damage    Failure   Level
a - Kiss of Death         Conj/Necr      24%        2d7       13%         1
b - Momentum Strike       Conj/Tloc      12%        3d8       21%         2

Your spell library contained the following spells:

 Spells                   Type           Power      Damage    Failure   Level
 Hailstorm                Conj/Ice       6%         3d4       36%         3


Dungeon Overview and Level Annotations

Branches:
Dungeon (2/15)

Altars:
Nemelex Xobeh

Annotations:
D:2 Sigmund


Innate Abilities, Weirdness & Mutations

You are immune to sickness and miasma.
Your stone body is resilient. (AC +3)
You are immune to poison.
You resist negative energy. (rN+)
You are resistant to electric shocks. (rElec)
You are resistant to unholy torment.
You are immune to petrification.


Message History

You bump into the rock wall.
Sigmund whispers, "You'll know eternity soon."
Sigmund closely misses you.
You're too confused to move!
Sigmund points at you and mumbles some strange words.
You are more confused.
Sigmund hits you with a +1 vampiric scythe!
Sigmund hits you but does no damage.
Sigmund hits you with a +1 vampiric scythe!
You hit Sigmund.
Sigmund is lightly wounded.
Sigmund gestures at you while chanting.
You are more confused.
It was a potion of might.
You feel very mighty all of a sudden. Sigmund casts a spell at you.
The magic dart hits you but does no damage.
You sock Sigmund!
Sigmund is heavily wounded.
Sigmund hits you but does no damage. Sigmund closely misses you.
You hit Sigmund.
Sigmund is severely wounded.
Sigmund breathes a few words.
Sigmund's hands start flickering wildly.
Sigmund hits you but does no damage.
You bump into the rock wall.
Sigmund barely misses you.
You sock Sigmund!
Sigmund is almost dead.
Sigmund hits you with a +1 vampiric scythe.
* * * LOW HITPOINT WARNING * * *
Unknown command.
You bump into the rock wall.
Sigmund casts a spell at you.
The magic dart hits you but does no damage.
You're too confused to move!
Sigmund gestures wildly while chanting.
Sigmund flickers and vanishes!
Deactivating autopickup; reactivate with Ctrl-A.
Something hits you!
You die...

#.........######.#.#
#.........# #.#
########### #.# #.# #.#
#.# #.#
####################.#.#
................@{...#.#
######################.#
#.# #.#
######################.#
.......................#
########################


There were no monsters in sight!

Vanquished Creatures
  Jessica (D:2)
  A worm (D:2)
  2 dart slugs (D:1)
  A ball python (D:1)
  2 bats
  5 endoplasms
  2 giant cockroaches (D:1)
  4 goblins (D:1)
  7 hobgoblins (D:1)
  2 quokkas
  4 kobolds (D:1)
  2 rats (D:1)
33 creatures vanquished.

Notes
Turn   | Place    | Note
-------+----------+-------------------------------------------
     0 | D:1      | qeuew the Gargoyle Reaver began the quest for the Orb.
     0 | D:1      | Reached XP level 1. HP: 12/12 MP: 3/3
    47 | D:1      | Reached XP level 2. HP: 15/17 MP: 5/5
   191 | D:1      | Learned a level 2 spell: Momentum Strike
   213 | D:1      | Reached skill level 1 in Armour
   354 | D:1      | Reached XP level 3. HP: 20/22 MP: 6/6
   736 | D:1      | Found a sparkling altar of Nemelex Xobeh.
   927 | D:2      | Noticed Jessica
   931 | D:2      | Killed Jessica
   932 | D:2      | Reached XP level 4. HP: 24/27 MP: 2/7
   945 | D:2      | Reached skill level 4 in Conjurations
  1014 | D:2      | Noticed Sigmund
  1032 | D:2      | Slain by Sigmund

Illustrated notes

Levels and vault maps discovered:
D:1:      dpeg_arrival_lava_altar, layout_rooms
D:2:      layout_basic, nicolae_titane, uniq_terence, uniq_sigmund, uniq_jessica

Skill      XL: |  1  2  3  4 |
---------------+-------------+-----
Armour         | 1 |  1.6
Conjurations   | 4 |  4.0
Fighting       | |  2.5
Maces & Flails | |  3.4
Dodging        | |  1.9
Spellcasting   | |  2.2

Action                     |  1- 3 |  4- 6 || total
---------------------------+-------+-------++-------
  Melee: Mace              |   110 |    14 ||   124
   Cast: Momentum Strike   |     2 |       ||     2
    Use: Scroll            |     3 |       ||     3
         Potion            |     2 |     1 ||     3
 Armour: Leather armour    |    42 |     7 ||    49
  Dodge: Dodged            |    71 |     9 ||    80

Table legend: (Time is in decaauts)
 A = Elapsed time spent in this place.
 B = Non-inter-level travel time spent in this place.
 C = Inter-level travel time spent in this place.
 D = Time resting spent in this place.
 E = Time spent auto-exploring this place.
 F = Levels seen in this place.
 G = Mean time per level.
                   A        B        C        D        E       F      G
               +--------+--------+--------+--------+--------+-----+--------+
         Total |   1060 |   1025 |     35 |      0 |    761 |   2 |  530.0 |
       Dungeon |   1060 |   1025 |     35 |      0 |    761 |   2 |  530.0 |
               +--------+--------+--------+--------+--------+-----+--------+

Top non-repeatable levels by time:
     D:1: 801 daAuts
     D:2: 259 daAuts
